 Dungeon Crawl Stone Soup version 0.16.2-12-gd0ad4c3 (webtiles) character file.

363 Peloso the Shield-Bearer (level 6, -4/53 HPs)
             Began as a Minotaur Fighter on Oct 3, 2015.
             Killed by divine providence
             ... invoked by an orc priest
              (10 damage)
             ... on level 4 of the Dungeon.
             The game lasted 00:07:18 (3077 turns).

Peloso the Shield-Bearer (Minotaur Fighter)         Turns: 3077, Time: 00:07:18

Health: -4/53      AC:  9    Str: 20    XL:     6   Next: 39%
Magic:  3/3        EV:  6    Int:  8    God:
Gold:   198        SH: 10    Dex: 10    Spells: 0 memorised, 5 levels left

rFire  . . .     SeeInvis .     a - +0 long sword
rCold  . . .     Clarity  .     w - +0 chain mail
rNeg   . . .     SustAb   .     c - +0 shield
rPois  .         Gourm    +     (helmet restricted)
rElec  .         Spirit   .     (no cloak)
rCorr  .         Warding  .     (no gloves)
rMut   .         Stasis   .     (no boots)
MR     .....                    t - amulet of the gourmand
Stlth  ..........               y - -2 ring of dexterity (curse)
                                g - +3 ring of intelligence

@: not resistant to hostile enchantments, extremely unstealthy
A: retaliatory headbutt, horns 2
a: no special abilities


You were on level 4 of the Dungeon.
You were not hungry.

You visited 1 branch of the dungeon, and saw 4 of its levels.

You collected 198 gold pieces.

Inventory:

Hand weapons
 a - a +0 long sword (weapon)
 h - a +1 whip of freezing
Armour
 b - a +0 scale mail
 c - a +0 shield (worn)
 w - a +0 chain mail (worn)
Jewellery
 g - a +3 ring of intelligence (left hand)
 n - an uncursed ring of fire {unknown}
 s - an uncursed amulet of faith
 t - an amulet of the gourmand (around neck)
 y - a cursed -2 ring of dexterity (right hand)
Magical devices
 v - a wand of polymorph (14)
Scrolls
 e - 3 scrolls of enchant weapon {unknown}
 j - 3 scrolls of identify {unknown}
 k - 2 scrolls of remove curse {unknown}
 l - a scroll of recharging {unknown}
 o - 2 scrolls of teleportation {unknown}
 A - a scroll of amnesia {unknown}
 B - 2 scrolls of random uselessness {unknown}
Potions
 f - a potion of lignification {unknown}
 i - a potion of restore abilities {unknown}
 p - a potion of mutation {unknown}
 q - 2 potions of curing {unknown}
 u - a potion of agility {unknown}
 x - 2 potions of might
 z - 2 potions of haste {unknown}
Comestibles
 d - 5 bread rations
 m - 3 fruits
 r - 2 slices of pizza
 C - 2 chunks of flesh
 D - a meat ration


   Skills:
 + Level 4.4 Fighting
 + Level 4.1 Long Blades
 + Level 5.3 Armour
 + Level 2.8 Dodging
 + Level 5.4 Shields


You had 5 spell levels left.
You didn't know any spells.

Dungeon Overview and Level Annotations

Branches:
Dungeon (4/15)
 Temple: D:4-7

Altars:
Kikubaaqudgha
Trog


Innate Abilities, Weirdness & Mutations

You reflexively headbutt those who attack you in melee.
You have a pair of horns on your head.


Message History

The orc priest hits you from afar with a trident.
The orc priest calls down the wrath of Beogh upon you.
Something smites you!
* * * LOW HITPOINT WARNING * * *
You slash the orc priest!
The orc priest is heavily wounded.
You block the orc priest's attack. x2
The orc hits you with a short sword.
* * * LOW HITPOINT WARNING * * *
Drink which item? (? for menu, Esc to quit)
Okay, then.
You block the orc priest's attack. x2
The orc priest hits you but does no damage.
You closely miss the orc. You block the orc's attack.
The orc priest looks braver.
The orc priest hits you from afar with a trident.
* * * LOW HITPOINT WARNING * * *
The orc priest calls down the wrath of Beogh upon you.
Something smites you!
You die...

#......>.........
#.#####.#########
#.##.........#
#.##.##.####.# #
#.##.#...###.########
#.##....#...............
#.#...................##
#...)...................
###.####@<#.#########.#
#...oo.o............ #
#.#.#####.#.######.
#.#.# #.#.# # #.# #.#.#
#.# #.#.. #.# #.### #.#
#.# #.# #.#


You could see 2 orc priests and an orc.

Vanquished Creatures
  The ghost of CcS the Conjurer, an average HuVM of Sif Muna (D:3)
  A scorpion (D:4)
  A hound (D:4)
  A giant frog skeleton (D:4)
  An orc priest (D:4)
  2 adders
  2 worms
  3 oozes
  2 orcs (D:3)
  2 giant cockroaches (D:1)
  7 hobgoblins
  6 jackals
  6 kobolds
  4 ball pythons
  9 bats
  4 giant geckos
  6 giant newts
  4 goblins
  3 quokkas
  A quokka skeleton (D:4)
  6 rats
72 creatures vanquished.

Notes
Turn   | Place    | Note
--------------------------------------------------------------
     0 | D:1      | Peloso, the Minotaur Fighter, began the quest for the Orb.
     0 | D:1      | Reached XP level 1. HP: 19/19 MP: 1/1
   131 | D:1      | Reached XP level 2. HP: 27/27 MP: 1/1
   363 | D:1      | Reached skill level 4 in Armour
   854 | D:2      | Reached XP level 3. HP: 31/33 MP: 2/2
   938 | D:2      | Reached skill level 1 in Dodging
  1011 | D:2      | You fall through a shaft!
  1013 | D:3      | Noticed CcS's ghost (average HuVM)
  1073 | D:3      | Found a bloodstained altar of Trog.
  1247 | D:3      | Found an ancient bone altar of Kikubaaqudgha.
  1321 | D:3      | Killed CcS's ghost
  1321 | D:3      | Reached XP level 4. HP: 12/41 MP: 2/2
  1321 | D:3      | Reached XP level 5. HP: 13/47 MP: 2/2
  2693 | D:4      | Reached skill level 5 in Armour
  2693 | D:4      | Reached skill level 5 in Shields
  2694 | D:4      | Reached XP level 6. HP: 23/53 MP: 3/3
  3077 | D:4      | Killed from afar by an orc priest

Action                   |  1- 3 |  4- 6 || total
-------------------------+-------+-------++-------
Melee: Long sword        |   115 |    99 ||   214
  Use: Potion            |     1 |       ||     1
  Eat: Chunk             |     3 |     6 ||     9
